 Dungeon Crawl Stone Soup version 0.24-a0-412-ge138f7edaf (webtiles) character file.

Game seed: 15878169256980014226

948 KristoblXynda the Covert (level 7, -12/32 HPs)
             Began as a Spriggan Enchanter on June 6, 2019.
             Was an Initiate of Ashenzari.
             Mangled by an ogre
             ... wielding a cursed -2 giant club
              (28 damage)
             ... on level 5 of the Dungeon.
             The game lasted 00:10:31 (5746 turns).

KristoblXynda the Covert (Spriggan Enchanter)       Turns: 5746, Time: 00:10:31

Health: -12/32     AC:  6    Str:  5    XL:     7   Next: 89%
Magic:  5/17       EV: 18    Int: 17    God:    Ashenzari [......]
Gold:   274        SH:  0    Dex: 17    Spells: 13/19 levels left

rFire    . . .     SeeInvis +   p - +2 dagger (freeze)
rCold    . . .     Gourm    .   (shield restricted)
rNeg     . . .     Faith    .   b - +1 robe
rPois    .         Spirit   .   (helmet restricted)
rElec    .         Reflect  .   v - +2 cloak {+Inv} (curse)
rCorr    .         Harm     .   (gloves unavailable)
MR       +....                  (boots unavailable)
Stlth    ++++......             (no amulet)
HPRegen  0.10/turn              (no ring)
MPRegen  0.15/turn              (no ring)

@: very quick
A: very small, unfitting armour, see invisible, herbivore, speed 3, slow
metabolism 2
a: Curse Item, Renounce Religion, Evoke Invisibility


You were on level 5 of the Dungeon.
You worshipped Ashenzari.
Ashenzari was noncommittal.
You were hungry.

You visited 2 branches of the dungeon, and saw 6 of its levels.
You also visited: Sewer.

You collected 274 gold pieces.

Inventory:

Hand Weapons
 p - a +2 dagger of freezing (weapon)
Armour
 b - a +1 robe (worn)
 v - a cursed +2 cloak of invisibility (worn)
Wands
 u - a wand of acid (5)
Scrolls
 c - a scroll of teleportation
 h - 5 scrolls of remove curse
 l - 2 scrolls of immolation {unknown}
 n - a scroll of amnesia {unknown}
 q - a scroll of enchant armour
 r - a scroll of blinking {unknown}
 s - a scroll of enchant weapon {unknown}
Potions
 a - 3 potions of flight
 e - 2 potions of agility
 f - a potion of brilliance
 g - 3 potions of haste
 i - 2 potions of resistance {unknown}
 j - a potion of invisibility {unknown}
 k - a potion of ambrosia {unknown}
 m - 3 potions of heal wounds
 o - 6 potions of curing
 t - a potion of cancellation {unknown}
 w - a potion of degeneration {unknown}
Comestibles
 d - 5 rations


   Skills:
 - Level 1.1 Short Blades
 - Level 3.0 Dodging
 + Level 8.9 Stealth
 + Level 6.5 Spellcasting
 + Level 7.0 Hexes
 + Level 3.3 Evocations


You had 13 spell levels left.
You knew the following spells:

 Your Spells              Type           Power        Failure   Level  Hunger
a - Corona                Hex            ####...      1%          1    None
b - Ensorcelled Hibernat  Hex/Ice        ###...       4%          2    None
c - Confuse               Hex            ####....     1%          3    ##.....

Your spell library contained the following spells:

 Spells                   Type           Power        Failure   Level  Hunger
 Tukima's Dance           Hex            ####....     1%          3    ##.....
 Dazzling Spray           Conj/Hex       ###...       9%          3    ##.....


Dungeon Overview and Level Annotations

Branches:
Dungeon (5/15)             Temple (1/1) D:4

Altars:
Ashenzari
Dithmenos
Elyvilon
Fedhas
Gozag
Kikubaaqudgha
Makhleb
Nemelex Xobeh
Okawaru
Qazlal
Ru
Sif Muna
Trog
Uskayaw
Vehumet
Yredelemnul
Zin
The Shining One


Innate Abilities, Weirdness & Mutations

You are very small and have problems with some larger weapons.
You are too small for most types of armour.
You have supernaturally acute eyesight. (SInv)
You are a herbivore.
You cover ground extremely quickly.
You need to consume almost no food.


Message History

Confirm with . or Enter, or press ? or * to list all spells.
Aiming: Ensorcelled Hibernation (safe; 4% risk of failure)
Press: ? - help, Shift-Dir - straight line, f - ogre
Aim: an ogre, wielding a -2 giant club (chance to defeat MR: 48%)
The ogre resists with some effort.
The killer bee zombie hits the ogre.
The frilled lizard misses you. The ogre closely misses you.
Casting: Ensorcelled Hibernation (safe; 4% risk of failure)
Confirm with . or Enter, or press ? or * to list all spells.
Aiming: Ensorcelled Hibernation (safe; 4% risk of failure)
Press: ? - help, Shift-Dir - straight line, f/p - ogre
Aim: an ogre, wielding a -2 giant club (moderately wounded, chance to defeat MR: 48%)
The ogre resists with some effort.
The frilled lizard misses you. The ogre completely misses you.
The killer bee zombie closely misses the frilled lizard.
You hit the ogre. You freeze the ogre.
The ogre is moderately wounded.
The frilled lizard closely misses you.
The ogre hits you with a cursed -2 giant club!!
Ouch! That really hurt!
You die...

#.............##...#
#.......########...#####
+.......'.).............
#.......########...#####
#....###########...####
#....#..................
#....#...........##.....
#....#........O..# .....
#....#.......@l..# .....
#....#.......)Z..# ####
...........#
...........#
############


You could see an ogre, a killer bee zombie (confused) and a frilled lizard.

Vanquished Creatures
  Sigmund (D:5)
  A phantom (D:4)
  A centaur (D:5)
  A big kobold (Sewer)
  A crimson imp (D:5)
  A bullfrog skeleton (D:4)
  A hound (D:4)
  2 orc priests
  Crazy Yiuf (D:4)
  Ijyb (D:4)
  3 orc wizards (D:4)
  2 worker ants
  A hound skeleton (D:4)
  A gnoll (D:1)
  A river rat (Sewer)
  6 adders
  3 oozes
  2 worms (D:3)
  A dart slug (D:3)
  2 leopard geckos (D:4)
  12 orcs
  5 giant cockroaches
  14 goblins
  12 hobgoblins
  10 jackals
  A quokka (D:3)
  2 ball pythons (D:3)
  11 bats
  5 frilled lizards
  A jackal skeleton (D:4)
  14 kobolds
  11 rats
131 creatures vanquished.

Notes
Turn   | Place    | Note
-------+----------+-------------------------------------------
     0 | D:1      | KristoblXynda the Spriggan Enchanter began the quest for
                  | the Orb.
     0 | D:1      | Reached XP level 1. HP: 9/9 MP: 5/5
   647 | D:1      | Reached XP level 2. HP: 13/13 MP: 7/7
   651 | D:1      | Learned a level 2 spell: Ensorcelled Hibernation
   977 | D:1      | Reached skill level 5 in Stealth
  1112 | D:2      | Reached XP level 3. HP: 12/16 MP: 0/8
  1189 | D:2      | Learned a level 3 spell: Confuse
  1918 | D:2      | Reached XP level 4. HP: 19/21 MP: 2/10
  2657 | D:3      | Found a glowing drain.
  2685 | Sewer    | Entered a sewer
  2691 | Sewer    | Reached skill level 6 in Stealth
  2756 | Sewer    | Noticed a big kobold
  2763 | Sewer    | Killed a big kobold
  2763 | Sewer    | Reached skill level 5 in Hexes
  2763 | Sewer    | Reached XP level 5. HP: 23/24 MP: 7/12
  2860 | Sewer    | Found a white marble altar of Elyvilon.
  3522 | D:3      | Reached skill level 7 in Stealth
  3522 | D:3      | Reached skill level 5 in Spellcasting
  3522 | D:3      | Reached XP level 6. HP: 14/28 MP: 8/14
  4121 | D:4      | Noticed Ijyb
  4135 | D:4      | Killed Ijyb
  4173 | D:4      | Found a runed translucent door.
  4174 | D:4      | Noticed Crazy Yiuf
  4329 | D:4      | Killed Crazy Yiuf
  4414 | D:4      | Reached skill level 8 in Stealth
  4414 | D:4      | Reached skill level 1 in Evocations
  4414 | D:4      | Reached XP level 7. HP: 9/32 MP: 8/16
  4422 | D:4      | Found a staircase to the Ecumenical Temple.
  4428 | Temple   | Entered the Ecumenical Temple
  4678 | Temple   | Became a worshipper of Ashenzari the Shackled
  5496 | D:5      | Entered Level 5 of the Dungeon
  5717 | D:5      | Noticed Sigmund
  5720 | D:5      | Killed Sigmund
  5746 | D:5      | Mangled by an ogre

Levels and vault maps discovered:
D:1:      sevenhm_arrival_forest_fort_small_3, layout_basic
D:2:      layout_basic, minmay_misc_feat_more_columns
D:3:      minmay_bubble_buster, layout_rooms, portal_sewer_entry_b, first_ration
D:4:      layout_cave_pods, minmay_temple_entry_arrows, minmay_misc_feat_rows,
          hangedman_glass_teeth, minmay_crystal_water, uniq_ijyb,
          uniq_crazy_yiuf_cottage
D:5:      layout_basic, uniq_sigmund, uniq_blork_the_orc, uniq_grinder
Temple:   compressed_dpeg_circular_temple

Skill      XL: |  1  2  3  4  5  6  7 |
---------------+----------------------+-----
Spellcasting   | 3 4 5 6 |  6.5
Hexes          | 4 5 6 7 |  7.0
Stealth        | 5 6 7 8 |  8.9
Evocations     | 1 3 |  3.3
Short Blades   | |  1.1
Dodging        | |  3.0

Action                   |  1- 3 |  4- 6 |  7- 9 || total
-------------------------+-------+-------+-------++-------
Melee: Dagger            |    99 |   211 |   122 ||   432
 Cast: Corona            |     1 |       |       ||     1
       Ensorcelled Hiber |    17 |    24 |    25 ||    66
       Confuse           |       |     4 |     3 ||     7
Invok: Curse Item        |       |       |     1 ||     1
  Use: Scroll            |     4 |     1 |     5 ||    10
 Stab: Sleeping          |    16 |    42 |    11 ||    69
       Confused          |       |     3 |     1 ||     4
       Distracted        |       |     1 |       ||     1
  Eat: Ration            |       |     2 |       ||     2
Armor: Robe              |     5 |    18 |    16 ||    39
Dodge: Dodged            |    77 |   170 |   105 ||   352

Table legend:
 A = Non-vault XP
 B = Vault XP
 C = Vault XP percentage of total XP
 D = Non-vault monster count
 E = Vault monster count
 F = Vault count percentage of total count
                 A         B        C        D         E       F
            +---------+---------+-------+---------+---------+-------
      Total |     907 |     448 |  33.1 |     102 |      29 |  22.1
            +---------+---------+-------+---------+---------+-------
        D:1 |      27 |       0 |   0.0 |       6 |       0 |   0.0
        D:2 |      90 |       0 |   0.0 |      35 |       0 |   0.0
        D:3 |     153 |      45 |  22.7 |      35 |      17 |  32.7
        D:4 |     473 |      75 |  13.7 |      23 |       2 |   8.0
        D:5 |     164 |     205 |  55.6 |       3 |       1 |  25.0
      Sewer |       0 |     123 | 100.0 |       0 |       9 | 100.0
            +---------+---------+-------+---------+---------+-------
